 Dungeon Crawl Stone Soup version 0.31-a0-204-g7da18cac08 (webtiles) character file.

Game seed: 994131706782493064

100 qw the Shooter (level 4, -2/25 HPs)
             Began as a Deep Elf Hunter on June 27, 2023.
             Slain by a worm (8 damage)
             ... on level 2 of the Dungeon.
             The game lasted 00:00:31 (1048 turns).

qw the Shooter (Deep Elf Hunter)                    Turns: 1048, Time: 00:00:32

Health: -2/25      AC:  3    Str: 10    XL:     4   Next: 47%
Magic:  6/6        EV: 12    Int: 14    God:
Gold:   152        SH:  0    Dex: 18    Spells: 3/3 levels left

rFire   . . .        Y - +1 shortbow
rCold   . . .        (shield currently unavailable)
rNeg    . . .        c - +0 leather armour
rPois   .            (no helmet)
rElec   .            (no cloak)
rCorr   .            (no gloves)
SInv    .            (no boots)
Will    .....        (no amulet)
Stlth   ++           (no ring)
HPRegen 0.24/turn    (no ring)
MPRegen 0.10/turn

%: no passive effects
@: no status effects
A: no striking features
a: no special abilities


You were on level 2 of the Dungeon.
You visited 1 branch of the dungeon, and saw 3 of its levels.

You collected 152 gold pieces.


   Skills:
 - Level 1.5 Fighting
 + Level 7.9 Ranged Weapons
 - Level 2.4 Dodging
 - Level 1.2 Stealth


You had 3 spell levels left.
You didn't know any spells.
Your spell library was empty.

Inventory:

Hand Weapons
 Y - a +1 shortbow (weapon)
Armour
 c - a +0 leather armour (worn)
Potions
 d - a potion of mutation {unknown}
 e - a potion of curing {unknown}
 f - a potion of invisibility {unknown}

Dungeon Overview and Level Annotations

Branches:
Dungeon (3/15)

Altars:

Portals:
Sewer: D:3


Message History

There is an entrance to a sewer on this level.
Hurry and find it before the portal rusts away!
The giant cockroach barely misses you. The river rat closely misses you.
The giant cockroach barely misses you. The worm closely misses you.
The river rat bites you.
There is a stone staircase leading up here.
1039 ||| STAIRDANCE HP restored.
The giant cockroach bites you but does no damage.
The worm bites you! The river rat misses you.
You climb upwards.
There is a stone staircase leading down here.
You shoot an arrow. The arrow hits the river rat.
The river rat is lightly wounded.
The giant cockroach bites you but does no damage.
The river rat closely misses you. The giant cockroach barely misses you.
You shoot an arrow. The arrow hits the river rat.
The river rat is heavily wounded.
The worm barely misses you. The giant cockroach closely misses you.
The river rat bites you.
You shoot an arrow. The arrow barely misses the river rat.
The giant cockroach closely misses you. The river rat barely misses you.
The worm barely misses you.
You shoot an arrow. The arrow barely misses the river rat.
The giant cockroach closely misses you. The river rat closely misses you.
You shoot an arrow. The arrow hits the river rat.
The river rat is almost dead.
The giant cockroach bites you but does no damage.
The river rat bites you. The worm closely misses you.
The giant cockroach bites you but does no damage.
You shoot an arrow. The arrow hits the river rat.
The river rat is almost dead.
The giant cockroach bites you but does no damage.
The river rat bites you. The worm barely misses you.
You shoot an arrow. The arrow hits the river rat!
You kill the river rat!
The giant cockroach bites you.
You shoot an arrow. The arrow hits the worm.
The worm is moderately wounded.
The giant cockroach bites you. The worm bites you!
You die...

.....# ##..(.# .....#
#######.....# .....###
#...........#
##.....######.......##.##
#####.....##......###.#
#####.........# #.#
#######............# #)#
...%....#####...B..# #.#
.######### #..w@..# #.#
>........######%#### #.#
.#######...###..# #.# .#
###.#...## ####.#
.#########...######....#
....................##.#
..########.###########.###
..## #..###.....#.....##
...###
#..##.<...........##


You could see a worm and a giant cockroach.

Vanquished Creatures
  3 gnolls (D:2)
  2 river rats (D:2)
  A worm (D:2)
  4 dart slugs
  2 endoplasms
  3 giant cockroaches
  4 goblins
  3 hobgoblins
  4 quokkas
  2 ball pythons
  6 bats
  2 frilled lizards (D:2)
  4 kobolds (D:1)
  3 rats (D:2)
43 creatures vanquished.

Notes
Turn   | Place    | Note
-------+----------+-------------------------------------------
     0 | D:1      | qw the Deep Elf Hunter began the quest for the Orb.
     0 | D:1      | Reached XP level 1. HP: 12/12 MP: 3/3
     0 | D:1      | 0 ||| qw: Version: 0.3-a-22-g0ed2b0b
     0 | D:1      | 0 ||| qw: Game counter: 6632
     0 | D:1      | 0 ||| qw: Melee chars always use a shield: true
     0 | D:1      | 0 ||| qw: God list: Okawaru
     0 | D:1      | 0 ||| qw: Allow faded altars: false
     0 | D:1      | 0 ||| qw: Do Orc after clearing Dungeon:15 true
     0 | D:1      | 0 ||| qw: Do second Lair branch before Depths: true
     0 | D:1      | 0 ||| qw: Lair rune preference: random
     0 | D:1      | 0 ||| qw: Goals: Normal
     0 | D:1      | 0 ||| PLANNING D:1-11
   117 | D:1      | Reached XP level 2. HP: 16/16 MP: 4/4
   124 | D:1      | Reached skill level 6 in Ranged Weapons
   447 | D:1      | 447 ||| READING scroll labelled HEOPTEI CEIFA.
   448 | D:1      | 448 ||| DROPPING scroll of butterflies.
   504 | D:2      | Reached XP level 3. HP: 20/20 MP: 5/5
   671 | D:2      | Reached skill level 7 in Ranged Weapons
   776 | D:2      | Reached XP level 4. HP: 22/25 MP: 6/6
   968 | D:2      | 968 ||| READING scroll labelled CYUTHR LEPNEC.
   969 | D:2      | 969 ||| READING 2 scrolls labelled LIOLOI SEOLUO.
   970 | D:2      | 970 ||| READING scroll labelled RISMARH GEIRE.
   971 | D:2      | 971 ||| READING scroll labelled LOANGU FAEHICALO.
   972 | D:2      | 972 ||| DROPPING scroll of fear.
  1001 | D:3      | Found a glowing drain.
  1002 | D:3      | 1002 ||| PLANNING SEWER
  1002 | D:3      | 1002 ||| STAIRDANCE
  1007 | D:3      | 1007 ||| STAIRDANCE
  1039 | D:3      | 1039 ||| STAIRDANCE
  1048 | D:2      | HP: 6/25 [giant cockroach (1)]
  1048 | D:2      | Slain by a worm

Levels and vault maps discovered:
D:1:      dpeg_arrival_another_circle, layout_rooms,
          minmay_misc_feat_four_crosses
D:2:      layout_rooms
D:3:      layout_rooms, portal_sewer_entry_a,
          shapermc_ecumenical_altar_starsandcircs, chequers_big_river,
          st_stairs_11, chequers_serial_rivers_micro_d, uniq_jessica

Skill      XL: |  1  2  3 |
---------------+----------+-----
Ranged Weapons | 6 7 |  7.9
Fighting       | |  1.5
Dodging        | |  2.4
Stealth        | |  1.2

Action                     |  1- 3 |  4- 6 || total
---------------------------+-------+-------++-------
   Fire: Shortbow          |   104 |    21 ||   125
    Use: Scroll            |     1 |     4 ||     5
 Armour: Leather armour    |     5 |    12 ||    17
  Dodge: Dodged            |    32 |    32 ||    64

Table legend:
 A = Non-vault XP
 B = Vault XP
 C = Vault XP percentage of total XP
 D = Non-vault monster count
 E = Vault monster count
 F = Vault count percentage of total count
                 A         B        C        D         E       F
            +---------+---------+-------+---------+---------+-------
      Total |     113 |      31 |  21.5 |      38 |       5 |  11.6
            +---------+---------+-------+---------+---------+-------
        D:1 |      37 |       0 |   0.0 |      18 |       0 |   0.0
        D:2 |      76 |      29 |  27.6 |      20 |       4 |  16.7
        D:3 |       0 |       2 | 100.0 |       0 |       1 | 100.0
            +---------+---------+-------+---------+---------+-------
